 Dungeon Crawl Stone Soup version 0.28-a0-239-g68911e0c57 (webtiles) character file.

Game seed: 6024463235558259595

10496 robertstho the Grappler (level 11, 0/107 HPs)
             Began as a Troll Berserker on Aug 23, 2021.
             Was a High Priest of Trog.
             Succumbed to a tengu reaver's bolt of poison
             ... on level 10 of the Dungeon.
             The game lasted 00:10:11 (7745 turns).

robertstho the Grappler (Troll Berserker)           Turns: 7745, Time: 00:10:11

Health: 0/107      AC:  8    Str: 28    XL:     11   Next: 36%
Magic:  10/10      EV: 10    Int:  5    God:    Trog [*****.]
Gold:   518        SH:  5    Dex:  9    Spells: 10/10 levels left

rFire   + . .      SeeInvis .     - Unarmed
rCold   x . .      Faith    .   (no shield)
rNeg    . . .      Spirit   .   H - +0 acid dragon scales
rPois   .          Reflect  +   (helmet restricted)
rElec   .          Harm     .   s - scarf {repulsion}
rCorr   +          Rampage  .   (gloves unavailable)
Will    .....                   (boots unavailable)
Stlth   +.........              d - amulet of reflection
HPRegen 1.27/turn               m - ring of flight
MPRegen 0.12/turn               D - ring of fire

@: lethally poisoned (0 -> -2), on berserk cooldown, flying, slowed, repel
missiles, very slow
A: large, unfitting armour, claws 3, regeneration 1, shaggy fur 1, tough skin 1
a: Renounce Religion, Berserk, Trog's Hand, Brothers in Arms


You were on level 10 of the Dungeon.
You worshipped Trog.
Trog was extremely pleased with you.
You visited 1 branch of the dungeon, and saw 10 of its levels.

You collected 592 gold pieces.
You spent 74 gold pieces at shops.

Inventory:

Missiles
 f - 3 large rocks (quivered)
 w - 4 throwing nets
Armour
 s - a scarf of repulsion (worn)
 z - a scarf of invisibility
 H - +0 acid dragon scales (worn)
Jewellery
 c - an amulet of the acrobat
 d - an amulet of reflection (around neck)
 m - a ring of flight (left claw)
 q - a ring of positive energy
 B - a ring of resist corrosion
 D - a ring of fire (right claw)
Wands
 j - a wand of flame (51)
 k - a wand of charming (8)
 u - a wand of mindburst (17)
 y - a wand of iceblast (12)
 A - a wand of acid (4)
Scrolls
 e - 2 scrolls of immolation
 l - a scroll of enchant weapon {unknown}
 o - a scroll of holy word
 t - 4 scrolls of teleportation {unknown}
 v - 2 scrolls of enchant armour
 C - 3 scrolls of blinking
 E - a scroll of fog {unknown}
 F - a scroll of identify
Potions
 a - a potion of haste
 b - 3 potions of resistance
 g - 2 potions of heal wounds
 h - a potion of berserk rage {unknown}
 i - 5 potions of curing
 n - a potion of invisibility
 p - 3 potions of lignification {unknown}
 r - 3 potions of flight
 x - a potion of attraction


   Skills:
 * Level 6.4 Fighting
 + Level 0.8 Armour
 + Level 6.2 Dodging
 + Level 2.1 Stealth
 + Level 2.7 Shields
 * Level 13.8 Unarmed Combat
 + Level 0.9 Evocations


You had 10 spell levels left.
You didn't know any spells.
Your spell library was empty.

Dungeon Overview and Level Annotations

Branches:
Dungeon (10/15)            Temple (0/1) D:7
   Lair: D:8-11         Orc: D:9-12

Altars:
Hepliaklqana
Kikubaaqudgha

Shops:
D:4 [   D:7 :


Innate Abilities, Weirdness & Mutations

You are too large for most types of armour.
You have claws for hands.
Your natural rate of healing is unusually fast.
You are covered in fur. (AC +1)
You have tough skin. (AC +1)


Message History

* * * LOW HITPOINT WARNING * * *
You mangle the tengu reaver!!
The tengu reaver is heavily wounded.
You feel very sick.
You closely miss the tengu reaver. Your claw misses the tengu reaver.
The tengu reaver is heavily wounded.
You feel very sick. You block the tengu reaver's attack.
The tengu reaver pecks you.
* * * LOW HITPOINT WARNING * * *
The tengu reaver completely misses you.
You claw the tengu reaver!
The tengu reaver is severely wounded.
You feel very sick.
You barely miss the tengu reaver.
The tengu reaver is severely wounded.
You feel sick.
The tengu reaver hits you with a +0 great sword!!
* * * LOW HITPOINT WARNING * * *
The tengu reaver pecks you.
* * * LOW HITPOINT WARNING * * *
You block the tengu reaver's attack.
You eviscerate the tengu reaver!!!
You kill the tengu reaver!
Trog accepts your kill.
Trog appreciates your killing of a magic user.
* * * LOW HITPOINT WARNING * * *
You feel sick.
* * * LOW HITPOINT WARNING * * *
You feel very sick.
Things that are here:
a +0 great sword; a +0 scale mail; a tengu corpse You are too berserk!
You feel a strong urge to attack something.
* * * LOW HITPOINT WARNING * * *
You feel sick.
You feel sick.
You feel your anger nearly subside.
You are no longer berserk.
You are exhausted.
You feel yourself slow down.
You die...

#. #.###.###.#.#).#
##. #. #.# ....#
#.#..# #. #.
#.###.###.###..# #.
.#####.###.........
...# #.
............>.#.###
#### #.
.##...#.#########
#.
(...#.....##.).##
#.
........###.#+#.#
####. .###.#....#.
#@# ....
...#..###.###.# #..
###.#....##...##
#.. #.....####'##
#.. #.....##.#..#
#..
#.?.........###.#
###
#.....##........# #
#............#####
# ######.####### #


There were no monsters in sight!

Vanquished Creatures
  A tengu reaver (D:10)
  Harold (D:7)
  4 two-headed ogres
  An orange crystal statue (D:8)
  A centaur zombie (D:10)
  An ice statue (D:8)
  Maggie (D:9)
  A wraith (D:9)
  Menkaure (D:6)
  An acid dragon (D:10)
  A water moccasin (D:8)
  An orc warrior (D:6)
  An ice beast (D:8)
  2 black bears
  A sky beast (D:6)
  A necrophage (D:5)
  2 ogres (D:5)
  8 centaurs
  A phantom (D:5)
  A kobold brigand (D:7)
  3 bullfrogs
  A gnoll sergeant (D:9)
  3 scorpions
  A wyvern zombie (D:7)
  A water moccasin skeleton (D:6)
  8 wights (D:9)
  6 killer bees (D:8)
  3 howler monkeys (D:8)
  A bullfrog zombie (D:6)
  2 centaur skeletons
  3 jellies
  3 orc priests
  3 hounds
  2 bullfrog skeletons (D:6)
  Jessica (D:2)
  Ijyb (D:3)
  Terence (D:2)
  3 iguanas
  7 orc wizards
  2 hound skeletons (D:5)
  Robin (D:3)
  11 gnolls
  7 adders
  An ufetubus (D:5)
  An adder skeleton (D:4)
  5 dart slugs
  20 orcs
  3 endoplasms
  4 giant cockroaches
  14 goblins
  11 hobgoblins
  6 kobolds
  3 quokkas
  5 ball pythons
  5 bats
  2 frilled lizards
  3 rats
189 creatures vanquished.

Vanquished Creatures (collateral kills)
  A rust devil (D:7)
1 creature vanquished.

Vanquished Creatures (others)
  A black bear (D:5)
  A human (D:4)
  3 plants (D:4)
5 creatures vanquished.

Grand Total: 195 creatures vanquished

Notes
Turn   | Place    | Note
-------+----------+-------------------------------------------
     0 | D:1      | robertstho the Troll Berserker began the quest for the Orb.
     0 | D:1      | Reached XP level 1. HP: 22/22 MP: 0/0
   242 | D:1      | Reached XP level 2. HP: 26/29 MP: 1/1
   709 | D:1      | Found a faded altar of an unknown god.
   912 | D:2      | You fall into a shaft and drop 2 floors!
   920 | D:4      | Reached XP level 3. HP: 36/36 MP: 2/2
   954 | D:4      | Noticed a scorpion
   965 | D:4      | Killed a scorpion
   966 | D:4      | Reached skill level 4 in Unarmed Combat
   966 | D:4      | Reached XP level 4. HP: 30/45 MP: 3/3
  1036 | D:4      | Reached ** piety under Trog
  1188 | D:4      | Found Karukeajuy's Antique Armour Shoppe.
  1191 | D:4      | Bought a runed robe for 74 gold pieces
  1256 | D:4      | Found an ancient bone altar of Kikubaaqudgha.
  1258 | D:4      | Noticed a human
  1280 | D:4      | Killed a human
  1294 | D:4      | Reached XP level 5. HP: 53/53 MP: 4/4
  1638 | D:3      | Noticed Robin
  1767 | D:3      | Reached skill level 5 in Unarmed Combat
  1773 | D:3      | Killed Robin
  1885 | D:3      | Noticed Ijyb
  1897 | D:3      | Killed Ijyb
  1976 | D:3      | Reached *** piety under Trog
  1977 | D:3      | Reached XP level 6. HP: 61/61 MP: 5/5
  2319 | D:2      | Noticed Terence
  2322 | D:2      | Killed Terence
  2441 | D:2      | Noticed Jessica
  2446 | D:2      | Killed Jessica
  2733 | D:5      | Entered Level 5 of the Dungeon
  2986 | D:5      | Reached skill level 6 in Unarmed Combat
  2994 | D:5      | Reached XP level 7. HP: 32/67 MP: 6/6
  3095 | D:5      | Reached skill level 7 in Unarmed Combat
  3263 | D:5      | Found a hazy altar of Hepliaklqana.
  3562 | D:5      | Reached XP level 8. HP: 54/78 MP: 7/7
  3582 | D:5      | Reached skill level 8 in Unarmed Combat
  3688 | D:5      | Reached skill level 1 in Shields
  4001 | D:6      | Noticed Menkaure
  4008 | D:6      | Killed Menkaure
  4129 | D:6      | Reached skill level 1 in Stealth
  4137 | D:6      | Reached **** piety under Trog
  4172 | D:6      | Reached skill level 9 in Unarmed Combat
  4365 | D:6      | Reached XP level 9. HP: 85/85 MP: 8/8
  4718 | D:7      | Reached skill level 5 in Dodging
  4988 | D:7      | Noticed Harold
  4995 | D:7      | Killed Harold
  4996 | D:7      | Reached skill level 10 in Unarmed Combat
  5151 | D:7      | Found Muismit's Book Emporium.
  5211 | D:7      | Found a staircase to the Ecumenical Temple.
  5313 | D:6      | Noticed a rust devil
  5313 | D:6      | Noticed a rust devil
  5341 | D:7      | Killed a rust devil
  5342 | D:7      | Reached skill level 11 in Unarmed Combat
  5448 | D:8      | Reached skill level 5 in Fighting
  5579 | D:8      | Reached XP level 10. HP: 96/96 MP: 9/9
  5925 | D:8      | Noticed an orange crystal statue
  5939 | D:8      | Killed an orange crystal statue
  6248 | D:8      | Noticed a two-headed ogre
  6255 | D:8      | Killed a two-headed ogre
  6256 | D:8      | Reached skill level 12 in Unarmed Combat
  6470 | D:8      | Noticed an ice statue
  6481 | D:8      | Killed an ice statue
  6840 | D:9      | Noticed a two-headed ogre
  6845 | D:9      | HP: 6/147 [two-headed ogre (15)]
  6846 | D:9      | Killed a two-headed ogre
  7344 | D:9      | Noticed Maggie
  7362 | D:9      | Killed Maggie
  7362 | D:9      | Reached ***** piety under Trog
  7363 | D:9      | Reached skill level 13 in Unarmed Combat
  7552 | D:10     | Entered Level 10 of the Dungeon
  7636 | D:10     | Noticed a two-headed ogre
  7639 | D:10     | Noticed a two-headed ogre
  7642 | D:10     | Killed a two-headed ogre
  7643 | D:10     | Reached XP level 11. HP: 101/105 MP: 10/10
  7646 | D:10     | Killed a two-headed ogre
  7733 | D:10     | Noticed a tengu reaver
  7740 | D:10     | HP: 7/157 [tengu reaver (4)]
  7741 | D:10     | Killed a tengu reaver
  7743 | D:10     | HP: 3/160 [poisoned by a tengu reaver (bolt of poison)]
  7745 | D:10     | Succumbed to a tengu reaver's bolt of poison

Illustrated notes

Levels and vault maps discovered:
D:1:      eino_arrival_cavern_c, layout_basic,
          hellmonk_ecumenical_altar_inner_sanctum, chequers_hall_statues_wall_a,
          chequers_serial_rivers_small_a
D:2:      layout_basic, uniq_jessica, uniq_terence
D:3:      layout_rooms, uniq_ijyb, uniq_robin
D:4:      layout_basic, tgw_kikubaaqudgha, serial_shops,
          nicolae_shop_behind_doors, chequers_big_river
D:5:      minmay_chambers_of_threes, layout_rooms, nzn_hepliaklqana_mist_gate
D:6:      cheibrodos_iron_armory, layout_loops_ring, uniq_menkaure
D:7:      layout_gridville, minmay_temple_entry_statues_pillars, serial_shops,
          nicolae_shop_waterfront, uniq_harold
D:8:      minmay_separated_statues, layout_basic, eino_tiny_chamber
D:9:      layout_loops_ring, centaur_isle, uniq_maggie
D:10:     layout_loops_ring, minitemple, david_lair_shrubbed,
          kennysheep_orc_monster_closet_entryway, minmay_misc_feat_nine_boxes,
          kennysheep_just_a_vault, uniq_urug

Skill      XL: |  1  2  3  4  5  6  7  8  9 10 |
---------------+-------------------------------+-----
Fighting       | 3 4 5 6 |  6.4
Unarmed Combat | 4 5 6 7 9 11 13 | 13.8
Dodging        | 3 4 5 6 |  6.2
Shields        | 1 2 |  2.7
Stealth        | 1 2 |  2.1
Armour         | |  0.8
Evocations     | |  0.9

Action                   |  1- 3 |  4- 6 |  7- 9 | 10-12 || total
-------------------------+-------+-------+-------+-------++-------
Melee: Unarmed           |    66 |   146 |   206 |   126 ||   544
       Punch             |       |     4 |     9 |     7 ||    20
Invok: Berserk           |     1 |     1 |     4 |     6 ||    12
       Trog's Hand       |       |       |     1 |       ||     1
       Brothers in Arms  |       |       |     1 |       ||     1
 Abil: Evoke Invisibilit |       |       |       |     1 ||     1
Evoke: Wand              |       |       |     2 |       ||     2
  Use: Scroll            |       |     4 |     2 |     4 ||    10
       Potion            |       |       |     3 |       ||     3
 Stab: Sleeping          |     1 |       |       |       ||     1
       Invisible         |       |       |     1 |     2 ||     3
Armor: Animal skin       |    23 |     5 |       |       ||    28
       Robe              |       |    48 |    45 |    17 ||   110
       Acid dragon scale |       |       |       |    14 ||    14
Dodge: Dodged            |    28 |    60 |    91 |    67 ||   246
       Repelled          |       |       |       |     2 ||     2
Block: Other             |       |    25 |    37 |    21 ||    83
       Reflection        |       |       |     1 |     1 ||     2

Table legend: (Time is in decaauts)
 A = Elapsed time spent in this place.
 B = Non-inter-level travel time spent in this place.
 C = Inter-level travel time spent in this place.
 D = Time resting spent in this place.
 E = Time spent auto-exploring this place.
 F = Levels seen in this place.
 G = Mean time per level.
                   A        B        C        D        E       F      G
               +--------+--------+--------+--------+--------+-----+--------+
         Total |   7747 |   7207 |    540 |    804 |   5042 |  10 |  774.7 |
       Dungeon |   7747 |   7207 |    540 |    804 |   5042 |  10 |  774.7 |
               +--------+--------+--------+--------+--------+-----+--------+

Top non-repeatable levels by time:
     D:8: 1304 daAuts
     D:4: 982 daAuts
     D:5: 964 daAuts
     D:6: 918 daAuts
     D:9: 855 daAuts
     D:1: 800 daAuts
     D:7: 678 daAuts
     D:3: 627 daAuts
     D:2: 434 daAuts
    D:10: 183 daAuts
